| TOP OF THE 1ST |
|
Hartford Yard Goats batting - Pitching for Dayton Dragons : RHP Sean Jordan
|
|
Pitching: RHP Sean Jordan
|
|
|
Batting: RHB Ray Insley
|
0-0: Ground out 6-3 (Groundball, 6M, EV 90.0 MPH)
|
|
Batting: RHB Chris Osting
|
0-0: Ball 1-0: Swinging Strike 1-1: Foul Ball, location: 2F 1-2: Strikes out swinging
|
|
Batting: LHB Harry Folsom
|
0-0: Swinging Strike 0-1: Called Strike 0-2: Foul Ball, location: 2F 0-2: Foul Ball, location: 2F 0-2: Foul Ball, location: 2F 0-2: Ball 1-2: Foul Ball, location: 2F 1-2: Ball 2-2: Ball 3-2: Foul Ball, location: 2F 3-2: Base on Balls
|
|
Batting: RHB Doug D'Onofrio
|
0-0: Ground out 4-3 (Groundball, 34, EV 107.5 MPH)
|
| Top of the 1st over - 0 runs, 0 hits, 0 errors, 1 left on base; Hartford 0 - Dayton 0 |
| BOTTOM OF THE 1ST |
|
Dayton Dragons batting - Pitching for Hartford Yard Goats : LHP Bill Hussey
|
|
Pitching: LHP Bill Hussey
|
|
|
Batting: LHB Jeremy Robertson
|
0-0: Ball 1-0: Ball 2-0: Called Strike 2-1: Ball 3-1: Base on Balls
|
|
Batting: RHB Logan Johnson
|
0-0: Foul Ball, location: 2F 0-1: Swinging Strike 0-2: Foul Ball, location: 2F 0-2: Ball 1-2: Ball 2-2: Ball 3-2: 2-RUN HOME RUN (Flyball, 7D, EV 94.4 MPH), Distance : 372 ft
|
|
Batting: SHB Jaivata Mohanty
|
0-0: Ball 1-0: Ball 2-0: Ball 3-0: Base on Balls
|
|
Batting: RHB Alex Juarez
|
0-0: Called Strike 0-1: Foul Ball, location: 2F 0-2: SINGLE (Line Drive, 8LS, EV 98.1 MPH) Jaivata Mohanty to second Runner from 2nd tries for 3rd, SAFE, throw by CF made to third
|
|
Batting: LHB Alex Fernandez
|
0-0: Ball Alex Juarez steals 2nd base 1-0: Ground out U3 (Groundball, 3, EV 85.6 MPH)
|
|
Batting: LHB Chris Redhead
|
0-0: Called Strike 0-1: Foul Ball, location: 2F 0-2: Ball 1-2: Fly out, F2 (Popup, 25F, EV 90.6 MPH)
|
|
Batting: RHB Gabriel Arias
|
0-0: Called Strike 0-1: Swinging Strike 0-2: Fly out, F9 (Flyball, 9, EV 87.5 MPH)
|
| Bottom of the 1st over - 2 runs, 2 hits, 0 errors, 2 left on base; Hartford 0 - Dayton 2 |
| TOP OF THE 2ND |
|
Hartford Yard Goats batting - Pitching for Dayton Dragons : RHP Sean Jordan
|
|
Batting: RHB Wali Mulogo
|
0-0: Ball 1-0: Called Strike 1-1: Ball 2-1: Ball 3-1: Swinging Strike 3-2: Strikes out swinging
|
|
Batting: SHB Brad Madden
|
0-0: Ball 1-0: Ball 2-0: Called Strike 2-1: Ball 3-1: Base on Balls
|
|
Batting: RHB Manny Thompson
|
0-0: Called Strike 0-1: Ball 1-1: SINGLE (Groundball, 56D, EV 108.8 MPH) Brad Madden to second
|
|
Batting: RHB Willie Benito
|
0-0: Foul Ball, location: 2F 0-1: Foul Ball, location: 2F 0-2: Fly out, F7 (Line Drive, 78M, EV 89.4 MPH)
|
|
Batting: RHB Josh Lofgreen
|
0-0: Called Strike 0-1: Swinging Strike 0-2: Ground out 6-3 (Groundball, 6S, EV 83.8 MPH)
|
| Top of the 2nd over - 0 runs, 1 hit, 0 errors, 2 left on base; Hartford 0 - Dayton 2 |
| BOTTOM OF THE 2ND |
|
Dayton Dragons batting - Pitching for Hartford Yard Goats : LHP Bill Hussey
|
|
Batting: LHB Elias Posada
|
0-0: Called Strike 0-1: SINGLE (Groundball, 34D, EV 95.0 MPH)
|
|
Batting: RHB John Hopkins
|
0-0: Ball 1-0: Ball 2-0: Ball 3-0: Called Strike 3-1: Base on Balls Elias Posada to second
|
|
Batting: LHB Jeremy Robertson
|
0-0: Ball 1-0: Ball 2-0: Foul Ball, location: 2F 2-1: Foul Ball, location: 2F 2-2: SINGLE (Flyball, 89S, EV 91.9 MPH) Elias Posada to third John Hopkins to second
|
|
Batting: RHB Logan Johnson
|
0-0: Called Strike 0-1: Ball 1-1: Ball 2-1: Swinging Strike 2-2: Foul Ball, location: 2F 2-2: Ball 3-2: Foul Ball, location: 2F 3-2: Base on Balls Elias Posada scores John Hopkins to third Jeremy Robertson to second
|
|
Batting: SHB Jaivata Mohanty
|
0-0: Foul Ball, location: 2F 0-1: Ball 1-1: Ball Wild Pitch! John Hopkins scores Jeremy Robertson to third Logan Johnson to second 2-1: Swinging Strike 2-2: Strikes out swinging
|
|
Batting: RHB Alex Juarez
|
0-0: Ball 1-0: Ball 2-0: Foul Ball, location: 2F 2-1: Called Strike 2-2: Fly out, F7 (Flyball, 7LS, EV 96.2 MPH)
|
|
Batting: LHB Alex Fernandez
|
0-0: Ground out U3 (Groundball, 3L, EV 87.5 MPH)
|
| Bottom of the 2nd over - 2 runs, 2 hits, 0 errors, 2 left on base; Hartford 0 - Dayton 4 |
| TOP OF THE 3RD |
|
Hartford Yard Goats batting - Pitching for Dayton Dragons : RHP Sean Jordan
|
|
Batting: RHB Ray Insley
|
0-0: Ball 1-0: Ball 2-0: Called Strike 2-1: Fly out, F7 (Flyball, 7, EV 91.2 MPH)
|
|
Batting: RHB Chris Osting
|
0-0: Ground out 4-3 (Groundball, 4, EV 86.2 MPH)
|
|
Batting: LHB Harry Folsom
|
0-0: Swinging Strike 0-1: Ball 1-1: Called Strike 1-2: Foul Ball, location: 2F 1-2: Strikes out swinging
|
| Top of the 3rd over - 0 runs, 0 hits, 0 errors, 0 left on base; Hartford 0 - Dayton 4 |
| BOTTOM OF THE 3RD |
|
Dayton Dragons batting - Pitching for Hartford Yard Goats : LHP Bill Hussey
|
|
Batting: LHB Chris Redhead
|
0-0: Swinging Strike 0-1: Ground out 4-3 (Groundball, 4D, EV 90.0 MPH)
|
|
Batting: RHB Gabriel Arias
|
0-0: Foul Ball, location: 2F 0-1: Ball 1-1: Swinging Strike 1-2: Ground out 5-3 (Groundball, 56S, EV 75.6 MPH)
|
|
Batting: LHB Elias Posada
|
0-0: Ground out 5-3 (Groundball, 15, EV 90.0 MPH)
|
| Bottom of the 3rd over - 0 runs, 0 hits, 0 errors, 0 left on base; Hartford 0 - Dayton 4 |
| TOP OF THE 4TH |
|
Hartford Yard Goats batting - Pitching for Dayton Dragons : RHP Sean Jordan
|
|
Batting: RHB Doug D'Onofrio
|
0-0: Ball 1-0: Called Strike 1-1: Foul Ball, location: 2F 1-2: Foul Ball, location: 2F 1-2: Fly out, F4 (Popup, 4MD, EV 53.8 MPH)
|
|
Batting: RHB Wali Mulogo
|
0-0: Ball 1-0: Ball 2-0: DOUBLE (Line Drive, 9LS, EV 109.4 MPH)
|
|
Batting: SHB Brad Madden
|
0-0: Foul Ball, location: 2F 0-1: Called Strike 0-2: Fly out, F9 (Line Drive, 9S, EV 106.9 MPH)
|
|
Batting: RHB Manny Thompson
|
0-0: Foul Ball, location: 2F 0-1: Ball 1-1: Ball 2-1: Swinging Strike 2-2: Fly out, F8 (Flyball, 89M, EV 75.0 MPH)
|
| Top of the 4th over - 0 runs, 1 hit, 0 errors, 1 left on base; Hartford 0 - Dayton 4 |
| BOTTOM OF THE 4TH |
|
Dayton Dragons batting - Pitching for Hartford Yard Goats : LHP Bill Hussey
|
|
Batting: RHB John Hopkins
|
0-0: Ground out 5-3 (Groundball, 5L, EV 111.2 MPH)
|
|
Batting: LHB Jeremy Robertson
|
0-0: Ball 1-0: Called Strike 1-1: Foul Ball, location: 2F 1-2: Ball 2-2: Ball 3-2: Base on Balls
|
|
Batting: RHB Logan Johnson
|
0-0: Called Strike 0-1: Called Strike 0-2: Ball 1-2: Foul Ball, location: 2F 1-2: SINGLE (Flyball, 34D, EV 87.5 MPH) Jeremy Robertson to second
|
|
Pitching: RHP Wilson Mendez
|
|
|
Batting: SHB Jaivata Mohanty
|
0-0: Ball 1-0: Ball 2-0: Foul Ball, location: 2F 2-1: Foul Ball, location: 2F 2-2: Strikes out swinging
|
|
Batting: RHB Alex Juarez
|
0-0: Fielders Choice at 2nd, 5-4 (Groundball, 56, EV 79.4 MPH)
|
| Bottom of the 4th over - 0 runs, 1 hit, 0 errors, 2 left on base; Hartford 0 - Dayton 4 |
| TOP OF THE 5TH |
|
Hartford Yard Goats batting - Pitching for Dayton Dragons : RHP Sean Jordan
|
|
Batting: RHB Willie Benito
|
0-0: Ball 1-0: Foul Ball, location: 2F 1-1: Ball 2-1: Ball 3-1: Base on Balls
|
|
Batting: RHB Josh Lofgreen
|
0-0: Called Strike 0-1: Ball 1-1: SINGLE (Groundball, 34D, EV 96.2 MPH) Willie Benito to second Runner from 2nd tries for 3rd, SAFE, throw by RF made to third
|
|
Batting: RHB Ray Insley
|
0-0: Fly out, F8 (Flyball, 8LD, EV 82.5 MPH) Runner from 3rd tags up, SCORES, throw by CF
|
|
Batting: RHB Chris Osting
|
0-0: Ball 1-0: Swinging Strike 1-1: Called Strike 1-2: Ball 2-2: Foul Ball, location: 2F 2-2: Strikes out swinging
|
|
Pitching: RHP Danny Felan
|
|
|
Batting: LHB Harry Folsom
|
0-0: Called Strike 0-1: Ball 1-1: Fly out, F9 (Flyball, 9, EV 90.6 MPH)
|
| Top of the 5th over - 1 run, 1 hit, 0 errors, 1 left on base; Hartford 1 - Dayton 4 |
| BOTTOM OF THE 5TH |
|
Dayton Dragons batting - Pitching for Hartford Yard Goats : RHP Wilson Mendez
|
|
Batting: LHB Alex Fernandez
|
0-0: Ball 1-0: Ball 2-0: Fly out, F6 (Line Drive, 6, EV 63.1 MPH)
|
|
Batting: LHB Chris Redhead
|
0-0: Ball 1-0: Fly out, F8 (Flyball, 8LM, EV 88.1 MPH)
|
|
Batting: RHB Gabriel Arias
|
0-0: Called Strike 0-1: Ball 1-1: Ball 2-1: Ground out 6-3 (Groundball, 6MD, EV 90.6 MPH)
|
| Bottom of the 5th over - 0 runs, 0 hits, 0 errors, 0 left on base; Hartford 1 - Dayton 4 |
| TOP OF THE 6TH |
|
Hartford Yard Goats batting - Pitching for Dayton Dragons : RHP Danny Felan
|
|
Batting: RHB Doug D'Onofrio
|
0-0: Ball 1-0: Ball 2-0: Ground out 5-3 (Groundball, 5, EV 90.6 MPH)
|
|
Batting: RHB Wali Mulogo
|
0-0: Ball 1-0: Ball 2-0: Fly out, F7 (Flyball, 78D, EV 94.4 MPH)
|
|
Batting: SHB Brad Madden
|
0-0: Called Strike 0-1: Fly out, F8 (Flyball, 8LD, EV 95.6 MPH)
|
| Top of the 6th over - 0 runs, 0 hits, 0 errors, 0 left on base; Hartford 1 - Dayton 4 |
| BOTTOM OF THE 6TH |
|
Dayton Dragons batting - Pitching for Hartford Yard Goats : RHP Wilson Mendez
|
|
Batting: LHB Elias Posada
|
0-0: Ball 1-0: Called Strike 1-1: Ball 2-1: Foul Ball, location: 2F 2-2: SINGLE (Line Drive, 56, EV 94.4 MPH)
|
|
Batting: RHB John Hopkins
|
0-0: Called Strike 0-1: Fly out, F3 (Line Drive, 3L, EV 102.5 MPH) Lined into DP, U3 (Line Drive, 3L, EV 101.9 MPH)
|
|
Batting: LHB Jeremy Robertson
|
0-0: Ball 1-0: Ball 2-0: Ball 3-0: Called Strike 3-1: Foul Ball, location: 2F 3-2: Foul Ball, location: 2F 3-2: Foul Ball, location: 2F 3-2: DOUBLE (Groundball, 3L, EV 103.1 MPH)
|
|
Pitching: RHP Jerry Dunne
|
|
|
Batting: RHB Logan Johnson
|
0-0: Ball 1-0: Ball 2-0: Ball 3-0: Called Strike 3-1: SINGLE (Line Drive, 89S, EV 101.9 MPH) Jeremy Robertson to third Throwing error, E9 Jeremy Robertson scores Logan Johnson to second
|
|
Batting: SHB Jaivata Mohanty
|
0-0: Swinging Strike 0-1: SINGLE (Groundball, 34D, EV 101.9 MPH) Logan Johnson to third Runner from 3rd tries for Home, SAFE, throw by RF to home Jaivata Mohanty to second
|
|
Batting: RHB Alex Juarez
|
0-0: Called Strike 0-1: Called Strike 0-2: Ball 1-2: Ball 2-2: Foul Ball, location: 2F 2-2: Ball 3-2: Strikes out looking
|
| Bottom of the 6th over - 2 runs, 4 hits, 1 error, 1 left on base; Hartford 1 - Dayton 6 |
| TOP OF THE 7TH |
|
Hartford Yard Goats batting - Pitching for Dayton Dragons : RHP Danny Felan
|
|
Batting: RHB Manny Thompson
|
0-0: Called Strike 0-1: Called Strike 0-2: Strikes out swinging
|
|
Batting: RHB Willie Benito
|
0-0: Foul Ball, location: 2F 0-1: Ball 1-1: Foul Ball, location: 2F 1-2: Strikes out looking
|
|
Batting: RHB Josh Lofgreen
|
0-0: Called Strike 0-1: Ball 1-1: Ground out 6-3 (Groundball, 6, EV 91.2 MPH)
|
| Top of the 7th over - 0 runs, 0 hits, 0 errors, 0 left on base; Hartford 1 - Dayton 6 |
| BOTTOM OF THE 7TH |
|
Dayton Dragons batting - Pitching for Hartford Yard Goats : RHP Jerry Dunne
|
|
Batting: LHB Alex Fernandez
|
0-0: Ball 1-0: Fly out, F4 (Line Drive, 4, EV 63.8 MPH)
|
|
Batting: LHB Chris Redhead
|
0-0: Ball 1-0: Ball 2-0: Ball 3-0: Base on Balls
|
|
Batting: RHB Gabriel Arias
|
0-0: Ball 1-0: Fly out, F9 (Flyball, 89S, EV 92.5 MPH)
|
|
Batting: LHB Elias Posada
|
0-0: Ball 1-0: Called Strike 1-1: Ball 2-1: Hit by Pitch Chris Redhead to second
|
|
Batting: RHB John Hopkins
|
0-0: Foul Ball, location: 2F 0-1: Ball 1-1: Called Strike 1-2: Foul Ball, location: 2F 1-2: Fielders Choice at 2nd, 6-4 (Groundball, 6, EV 84.4 MPH)
|
| Bottom of the 7th over - 0 runs, 0 hits, 0 errors, 2 left on base; Hartford 1 - Dayton 6 |
| TOP OF THE 8TH |
|
Hartford Yard Goats batting - Pitching for Dayton Dragons : RHP Danny Felan
|
|
Batting: RHB Ray Insley
|
0-0: Ball 1-0: Foul Ball, location: 2F 1-1: Fly out, F8 (Flyball, 8RXD, EV 110.6 MPH)
|
|
Batting: RHB Chris Osting
|
0-0: Called Strike 0-1: Fly out, F7 (Flyball, 7LM, EV 88.1 MPH)
|
|
Batting: LHB Harry Folsom
|
0-0: Called Strike 0-1: Ball 1-1: Called Strike 1-2: Fly out, F3 (Line Drive, 34, EV 70.0 MPH)
|
| Top of the 8th over - 0 runs, 0 hits, 0 errors, 0 left on base; Hartford 1 - Dayton 6 |
| BOTTOM OF THE 8TH |
|
Dayton Dragons batting - Pitching for Hartford Yard Goats : RHP Jerry Dunne
|
|
Batting: LHB Jeremy Robertson
|
0-0: Ball 1-0: SINGLE (Line Drive, 7S, EV 92.5 MPH)
|
|
Batting: RHB Logan Johnson
|
0-0: Called Strike 0-1: Ball Jeremy Robertson steals 2nd base (no throw) 1-1: Foul Ball, location: 2F 1-2: Ball 2-2: Foul Ball, location: 2F 2-2: Foul Ball, location: 2F 2-2: Fly out, F8 (Flyball, 8RD, EV 102.5 MPH)
|
|
Pitching: LHP Rafael Lozano
|
|
|
Batting: SHB Jaivata Mohanty
|
0-0: Swinging Strike 0-1: Foul Ball, location: 2F 0-2: Ball 1-2: Strikes out swinging
|
|
Batting: RHB Alex Juarez
|
0-0: Called Strike 0-1: Ball 1-1: Swinging Strike 1-2: Foul Ball, location: 2F 1-2: Ball 2-2: SINGLE (Groundball, 6MD, EV 96.9 MPH) Jeremy Robertson to third Runner from 3rd tries for Home, SAFE, throw by CF to home Alex Juarez to second
|
|
Batting: LHB Alex Fernandez
|
0-0: Ground out 4-3 (Groundball, 34D, EV 96.9 MPH)
|
| Bottom of the 8th over - 1 run, 2 hits, 0 errors, 1 left on base; Hartford 1 - Dayton 7 |
| TOP OF THE 9TH |
|
Hartford Yard Goats batting - Pitching for Dayton Dragons : RHP Danny Felan
|
|
Batting: RHB Doug D'Onofrio
|
0-0: Ball 1-0: Ball 2-0: Called Strike 2-1: Ground out 5-3 (Groundball, 56S, EV 63.8 MPH)
|
|
Batting: RHB Wali Mulogo
|
0-0: Called Strike 0-1: Ball 1-1: Ball 2-1: SOLO HOME RUN (Flyball, 7LD, EV 93.8 MPH), Distance : 345 ft
|
|
Batting: SHB Brad Madden
|
0-0: Called Strike 0-1: Fly out, F7 (Flyball, 7LM, EV 94.4 MPH)
|
|
Batting: RHB Manny Thompson
|
0-0: Foul Ball, location: 2F 0-1: SINGLE (Groundball, 34D, EV 93.8 MPH)
|
|
Pitching: LHP Brian Whittall
|
|
|
Batting: RHB Willie Benito
|
0-0: Fly out, F8 (Flyball, 8RM, EV 91.2 MPH)
|
| Top of the 9th over - 1 run, 2 hits, 0 errors, 1 left on base; Hartford 2 - Dayton 7 |
|